 Dungeon Crawl Stone Soup version 0.26-a0-154-g3d63440f56 (webtiles) character file.

Game seed: 7238843055962776710

10 Flugslaktarn the Stinger (level 2, 0/13 HPs)
             Began as a Vine Stalker Venom Mage on July 1, 2020.
             Hit by a stone thrown by a gnoll (2 damage)
             ... on level 3 of the Dungeon.
             The game lasted 00:01:05 (153 turns).

Flugslaktarn the Stinger (Vine Stalker Venom Mage)   Turns: 153, Time: 00:01:06

Health: 0/13       AC:  6    Str: 10    XL:     2   Next: 20%
Magic:  0/6        EV: 12    Int: 15    God:
Gold:   7          SH:  0    Dex: 14    Spells: 4/5 levels left

rFire    . . .     SeeInvis .   b - +0 dagger
rCold    . . .     Faith    .   (no shield)
rNeg     . . .     Spirit   +   a - +0 robe
rPois    .         Reflect  .   (no helmet)
rElec    .         Harm     .   (no cloak)
rCorr    .                      (no gloves)
MR       .....                  (no boots)
Stlth    ++........             (no amulet)
HPRegen  0.04/turn              g - +4 ring of protection
MPRegen  0.10/turn              (no ring)

@: very slightly contaminated
A: fangs 2, magic shield, antimagic bite, no potion heal 3, rot immunity
a: no special abilities


You were on level 3 of the Dungeon.
You were not hungry.

You visited 1 branch of the dungeon, and saw 3 of its levels.

You collected 7 gold pieces.

Inventory:

Hand Weapons
 b - a +0 dagger (weapon)
   (You took it off a goblin on level 2 of the Dungeon)
 d - a +0 hunting sling
   (You took it off a goblin on level 2 of the Dungeon)
Missiles
 e - 8 stones (quivered)
Armour
 a - a +0 robe (worn)
Jewellery
 g - a +4 ring of protection (left hand)
   (You found it on level 3 of the Dungeon)
Scrolls
 f - a scroll of identify {unknown}
Comestibles
 c - a ration


   Skills:
 - Level 1.5 Dodging
 - Level 2.4 Stealth
 + Level 2.4 Spellcasting
 - Level 1.0 Transmutations
 * Level 3.4 Poison Magic


You had 4 spell levels left.
You knew the following spells:

 Your Spells              Type           Power        Failure   Level  Hunger
a - Sting                 Tmut/Pois      #...         9%          1    #......

Your spell library contained the following spells:

 Spells                   Type           Power        Failure   Level  Hunger
 Poisonous Vapours        Pois/Air       #.....       16%         2    ###....
 Ignite Poison            Fire/Tmut/Pois #.......     34%         3    ###....
 Mephitic Cloud           Conj/Pois/Air  #.......     36%         3    ###....
 Olgreb's Toxic Radiance  Pois           ##......     45%         4    #####..


Dungeon Overview and Level Annotations

Branches:
Dungeon (3/15)

Altars:


Innate Abilities, Weirdness & Mutations

You have extremely sharp teeth.
When hurt, damage is shared between your health and your magic reserves.
Your bite disrupts and absorbs the magic of your enemies.
Potions cannot restore your health.
You are immune to rotting.


Message History

Aim: a goblin (moderately wounded)
The sting hits the goblin.
The goblin is poisoned.
The goblin is severely wounded.
You kill the goblin!
A giant cockroach comes into view.
The giant cockroach moves out of view.
You see here a stone.
Casting: Sting (safe; 9% risk of failure)
Confirm with . or Enter, or press ? or * to list all spells.
Aiming: Sting (safe; 9% risk of failure)
Press: ? - help, Shift-Dir - straight line, f - giant cockroach
Aim: a giant cockroach You miscast Sting.
Nothing appears to happen.
Really attack while wielding your +0 hunting sling?
Okay, then.
b - a +0 dagger (weapon)
The giant cockroach misses you.
You hit the giant cockroach but do no damage.
The giant cockroach barely misses you.
You hit the giant cockroach. Your bite misses the giant cockroach.
The giant cockroach is severely wounded.
The giant cockroach barely misses you.
You hit the giant cockroach.
You kill the giant cockroach!
e - 5 stones (gained 1)
e - 6 stones (gained 1)
f - a scroll labeled WOMIZO NOOGIXO
e - 7 stones (gained 1)
e - 8 stones (gained 1)
There is a stone staircase leading down here.
You climb downwards.
A frilled lizard and an ooze come into view.
The frilled lizard hisses angrily.
Found a glowing peridot ring.
Found a stone staircase leading up.
There is a stone staircase leading up here.
Unknown command.
You see here a glowing peridot ring.
g - a +4 ring of protection (left hand) Unknown command.
You open the door.
A water moccasin, a goblin, a gnoll and a kobold come into view.
The goblin shouts!
The kobold shouts!
You hear a shout!
The gnoll throws a stone.
The stone hits you.
* * * LOW HITPOINT WARNING * * *
The kobold throws a stone.
The stone closely misses you.
The goblin throws a stone.
The stone barely misses you. 2 goblins and a hobgoblin come into view.
The ooze quivers.
The gnoll throws a stone.
The stone hits you.
You die... .≈K .≈.≈## #≈.≈g .gg≈## gS≈g#

≈.≈# #####'#
..###...(.#
.......<.@#
..............#
..........#####
....l.....#
..........#
..........#
...J....###
......#..


You could see a water moccasin, a gnoll, an ooze, a hobgoblin, 2 goblins and a
frilled lizard.

Vanquished Creatures
  A leopard gecko (D:2)
  2 giant cockroaches (D:2)
  3 goblins
  A bat (D:1)
  A frilled lizard (D:2)
  A rat (D:2)
9 creatures vanquished.

Notes
Turn   | Place    | Note
-------+----------+-------------------------------------------
     0 | D:1      | Flugslaktarn the Vine Stalker Venom Mage began the quest
                  | for the Orb.
     0 | D:1      | Reached XP level 1. HP: 9/9 MP: 4/4
    17 | D:1      | You fall into a shaft and drop 1 floor!
    95 | D:1      | Reached XP level 2. HP: 4/13 MP: 3/6
   152 | D:3      | Noticed a water moccasin
   153 | D:3      | Hit by a stone thrown by a gnoll

Illustrated notes

Levels and vault maps discovered:
D:1:      dpeg_arrival_rooms_with_view, layout_basic
D:2:      layout_basic, lemuel_crystal_altar
D:3:      layout_rooms, chequers_temple_overflow_minitemple, first_ration,
          okawaru_altar_gauntlet_db

Action                   || total
-------------------------++-------
Melee: Unarmed           ||    10
       Bite              ||     1
       Dagger            ||     3
 Fire: Hunting sling     ||     8
 Cast: Sting             ||     5
Armor: Robe              ||     3
Dodge: Dodged            ||    20

Table legend:
 A = Non-vault XP
 B = Vault XP
 C = Vault XP percentage of total XP
 D = Non-vault monster count
 E = Vault monster count
 F = Vault count percentage of total count
                 A         B        C        D         E       F
            +---------+---------+-------+---------+---------+-------
      Total |      13 |       2 |  13.3 |       7 |       2 |  22.2
            +---------+---------+-------+---------+---------+-------
        D:1 |       1 |       1 |  50.0 |       1 |       1 |  50.0
        D:2 |      12 |       1 |   7.7 |       6 |       1 |  14.3
            +---------+---------+-------+---------+---------+-------
